MID
CHARLESTON RIVERDOGS @ WEST MICHIGAN WHITECAPS
08/28/2044
 
TOP OF THE 1ST
Charleston RiverDogs batting - Pitching for West Michigan Whitecaps : RHP Nate Mull
Pitching: RHP Nate Mull
Batting: LHB Tatsuo Yasui 0-0: Bunt for hit to 3S - play at first, batter OUT! 3-4
Batting: RHB Brandon Lemay 0-0: Called Strike
0-1: Fly out, F9 (Flyball, 9S, EV 94.4 MPH)
Batting: RHB James Boynton 0-0: Ball
1-0: Ball
2-0: Foul Ball, location: 2F
2-1: SOLO HOME RUN (Flyball, 7LD, EV 94.4 MPH), Distance : 345 ft
Batting: SHB Reagan Dudley 0-0: Called Strike
0-1: SINGLE (Line Drive, 34D, EV 95.6 MPH)
Batting: LHB Ryan Rodgers 0-0: Called Strike
0-1: Swinging Strike
0-2: Strikes out swinging
Top of the 1st over - 1 run, 2 hits, 0 errors, 1 left on base; Charleston 1 - West Michigan 0
BOTTOM OF THE 1ST
West Michigan Whitecaps batting - Pitching for Charleston RiverDogs : RHP Gabe Pomales
Pitching: RHP Gabe Pomales
Batting: SHB Adam Weber 0-0: Ball
1-0: Ball
2-0: Ball
3-0: Base on Balls
Batting: LHB Jeff Trapp 0-0: Ball
1-0: Fielders Choice at 2nd, 1-6 (Groundball, 23, EV 72.5 MPH)
Batting: SHB Andy Vivas 0-0: Ball
1-0: Swinging Strike
1-1: Swinging Strike
1-2: Ball
2-2: SINGLE (Line Drive, 8RS, EV 103.1 MPH)
Jeff Trapp to second
Jeff Trapp to third
Batting: RHB Bill Cabrera 0-0: Called Strike
0-1: Fly out, F7 (Flyball, 7, EV 93.1 MPH)
Runner from 3rd tags up, SCORES, throw by LF
Batting: RHB Victor Reyes 0-0: Called Strike
0-1: Called Strike
0-2: Fielders Choice at 2nd, 6-4 (Groundball, 56D, EV 88.1 MPH)
Bottom of the 1st over - 1 run, 1 hit, 0 errors, 1 left on base; Charleston 1 - West Michigan 1
TOP OF THE 2ND
Charleston RiverDogs batting - Pitching for West Michigan Whitecaps : RHP Nate Mull
Batting: RHB Riley Nasiir 0-0: Ball
1-0: Called Strike
1-1: Ball
2-1: Ball
3-1: Fly out, F9 (Flyball, 9, EV 96.3 MPH)
Batting: LHB Eddie Ramirez 0-0: Ground out 4-3 (Groundball, 34D, EV 106.9 MPH)
Batting: RHB Miguel Leal 0-0: Ball
1-0: Fly out, F9 (Flyball, 9D, EV 98.8 MPH)
Top of the 2nd over - 0 runs, 0 hits, 0 errors, 0 left on base; Charleston 1 - West Michigan 1
BOTTOM OF THE 2ND
West Michigan Whitecaps batting - Pitching for Charleston RiverDogs : RHP Gabe Pomales
Batting: RHB Tommy McDonald 0-0: Called Strike
0-1: Ball
1-1: Called Strike
1-2: Ground out 5-3 (Groundball, 56, EV 82.5 MPH)
Batting: RHB Mike Patterson 0-0: Ball
1-0: Called Strike
1-1: Ground out 5-3 (Groundball, 56, EV 107.5 MPH)
Batting: RHB Jamie Bass 0-0: Ball
1-0: Ball
2-0: Ball
3-0: Base on Balls
Batting: RHB Rocky Hart 0-0: Ball
1-0: Called Strike
1-1: Foul Ball, location: 2F
1-2: Ball
2-2: Ball
3-2: Foul Ball, location: 2F
3-2: Base on Balls
Jamie Bass to second
Batting: SHB Adam Weber 0-0: Ball
1-0: Ball
2-0: Foul Ball, location: 2F
2-1: Foul Ball, location: 2F
2-2: Foul Ball, location: 2F
2-2: Foul Ball, location: 2F
2-2: Ball
3-2: Base on Balls
Jamie Bass to third
Rocky Hart to second
Batting: LHB Jeff Trapp 0-0: Ball
1-0: Swinging Strike
1-1: Foul Ball, location: 2F
1-2: Strikes out looking
Bottom of the 2nd over - 0 runs, 0 hits, 0 errors, 3 left on base; Charleston 1 - West Michigan 1
TOP OF THE 3RD
Charleston RiverDogs batting - Pitching for West Michigan Whitecaps : RHP Nate Mull
Batting: RHB Nick Massengale 0-0: Called Strike
0-1: Ball
1-1: Ball
2-1: Reached on error, E7 (Line Drive, 7, EV 93.8 MPH)
Batting: LHB Tatsuo Yasui 0-0: Called Strike
0-1: Ball
1-1: Foul Ball, location: 2F
1-2: Strikes out swinging
Batting: RHB Brandon Lemay 0-0: Ball
1-0: Foul Ball, location: 2F
1-1: Ball
2-1: Foul Ball, location: 2F
2-2: Foul Ball, location: 2F
2-2: DOUBLE (Flyball, 8RXD, EV 90.6 MPH)
Nick Massengale scores
Batting: RHB James Boynton 0-0: Ball
1-0: Foul Ball, location: 2F
1-1: Ball
2-1: Foul Ball, location: 2F
2-2: Ball
3-2: Ground out 6-3 (Groundball, 56, EV 103.1 MPH)
Batting: SHB Reagan Dudley 0-0: Called Strike
0-1: 2-RUN HOME RUN (Flyball, 8LXD, EV 111.9 MPH), Distance : 438 ft
Batting: LHB Ryan Rodgers 0-0: Ball
1-0: Foul Ball, location: 2F
1-1: Ball
2-1: Ball
3-1: DOUBLE (Groundball, 5L, EV 101.9 MPH)
Batting: RHB Riley Nasiir 0-0: Called Strike
0-1: Swinging Strike
0-2: Strikes out looking
Top of the 3rd over - 3 runs, 3 hits, 1 error, 1 left on base; Charleston 4 - West Michigan 1
BOTTOM OF THE 3RD
West Michigan Whitecaps batting - Pitching for Charleston RiverDogs : RHP Gabe Pomales
Batting: SHB Andy Vivas 0-0: Hit by Pitch
Batting: RHB Bill Cabrera 0-0: Ball
1-0: Ball
2-0: Ball
3-0: Fly out, F6 (Popup, 4MD, EV 70.6 MPH)
Batting: RHB Victor Reyes 0-0: Fielders Choice at 2nd, 5-4 (Groundball, 56, EV 103.1 MPH)
Batting: RHB Tommy McDonald 0-0: Foul Ball, location: 2F
0-1: Ball
1-1: Ball
2-1: Swinging Strike
2-2: Foul Ball, location: 2F
2-2: Fielders Choice at 2nd, 6-4 (Groundball, 6, EV 81.9 MPH)
Bottom of the 3rd over - 0 runs, 0 hits, 0 errors, 1 left on base; Charleston 4 - West Michigan 1
TOP OF THE 4TH
Charleston RiverDogs batting - Pitching for West Michigan Whitecaps : RHP Nate Mull
Batting: LHB Eddie Ramirez 0-0: Ball
1-0: Ball
2-0: Foul Ball, location: 2F
2-1: Foul Ball, location: 2F
2-2: TRIPLE (Flyball, 78XD, EV 93.1 MPH)
Batting: RHB Miguel Leal 0-0: Called Strike
0-1: Swinging Strike
0-2: Foul Ball, location: 2F
0-2: Ball
1-2: Ball
2-2: Ball
3-2: Base on Balls
Batting: RHB Nick Massengale 0-0: Called Strike
Miguel Leal is caught stealing 2nd base 2-4
0-1: Fly out, F3 (Popup, 3F, EV 67.5 MPH)
Batting: LHB Tatsuo Yasui 0-0: Ball
1-0: Ball
2-0: Ball
3-0: Called Strike
3-1: Base on Balls
Batting: RHB Brandon Lemay 0-0: Ball
1-0: SINGLE (Flyball, 8RS, EV 88.1 MPH)
Eddie Ramirez scores
Tatsuo Yasui to second
Runner from 2nd tries for 3rd, SAFE, no throw by CF
Pitching: RHP Daisuke Tashima
Batting: RHB James Boynton 0-0: Ball
1-0: Ball
2-0: Ball
3-0: Swinging Strike
3-1: Base on Balls
Brandon Lemay to second
Batting: SHB Reagan Dudley 0-0: Called Strike
0-1: Ball
1-1: Called Strike
1-2: Ball
2-2: Ball
3-2: Base on Balls
Tatsuo Yasui scores
Brandon Lemay to third
James Boynton to second
Batting: LHB Ryan Rodgers 0-0: Called Strike
0-1: Ball
1-1: Ball
2-1: Foul Ball, location: 2F
2-2: Ball
3-2: Fly out, F8 (Flyball, 78M, EV 88.1 MPH)
Top of the 4th over - 2 runs, 2 hits, 0 errors, 3 left on base; Charleston 6 - West Michigan 1
BOTTOM OF THE 4TH
West Michigan Whitecaps batting - Pitching for Charleston RiverDogs : RHP Gabe Pomales
Batting: RHB Mike Patterson 0-0: Ball
1-0: Called Strike
1-1: Swinging Strike
1-2: Strikes out looking
Batting: RHB Jamie Bass 0-0: Ball
1-0: Called Strike
1-1: Foul Ball, location: 2F
1-2: Ball
2-2: Strikes out swinging
Batting: RHB Rocky Hart 0-0: Ground out 5-3 (Groundball, 56S, EV 94.4 MPH)
Bottom of the 4th over - 0 runs, 0 hits, 0 errors, 0 left on base; Charleston 6 - West Michigan 1
TOP OF THE 5TH
Charleston RiverDogs batting - Pitching for West Michigan Whitecaps : RHP Daisuke Tashima
Batting: RHB Riley Nasiir 0-0: Called Strike
0-1: Ball
1-1: Ball
2-1: Ball
3-1: Base on Balls
Batting: LHB Eddie Ramirez 0-0: Called Strike
0-1: Fielders Choice at 2nd, 4-6 (Groundball, 4, EV 101.9 MPH)
Batting: RHB Miguel Leal 0-0: Ball
Wild Pitch!
Eddie Ramirez to second
1-0: Fly out, F9 (Flyball, 9D, EV 98.1 MPH)
Runner from 2nd tags up, SAFE at 3rd, no throw by RF
Batting: RHB Nick Massengale 0-0: Called Strike
0-1: Foul Ball, location: 2F
0-2: Ball
1-2: Strikes out swinging
Top of the 5th over - 0 runs, 0 hits, 0 errors, 1 left on base; Charleston 6 - West Michigan 1
BOTTOM OF THE 5TH
West Michigan Whitecaps batting - Pitching for Charleston RiverDogs : RHP Gabe Pomales
Batting: SHB Adam Weber 0-0: Ball
1-0: Called Strike
1-1: Ground out 4-3 (Groundball, 4, EV 100.0 MPH)
Batting: LHB Jeff Trapp 0-0: Foul Ball, location: 2F
0-1: Ball
1-1: Ball
2-1: Ball
3-1: Foul Ball, location: 2F
3-2: Ground out 6-3 (Groundball, 6, EV 76.3 MPH)
Batting: SHB Andy Vivas 0-0: Ball
1-0: Ball
2-0: Foul Ball, location: 2F
2-1: Ball
3-1: Swinging Strike
3-2: Strikes out swinging
Bottom of the 5th over - 0 runs, 0 hits, 0 errors, 0 left on base; Charleston 6 - West Michigan 1
TOP OF THE 6TH
Charleston RiverDogs batting - Pitching for West Michigan Whitecaps : RHP Daisuke Tashima
Batting: LHB Tatsuo Yasui 0-0: Ball
1-0: Ball
2-0: Ball
3-0: Ground out 4-3 (Groundball, 4, EV 103.1 MPH)
Batting: RHB Brandon Lemay 0-0: Called Strike
0-1: Ground out 4-3 (Groundball, 4M, EV 85.6 MPH)
Batting: RHB James Boynton 0-0: Ball
1-0: Ball
2-0: Ground out 3-1 (Groundball, 34, EV 110.6 MPH)
Top of the 6th over - 0 runs, 0 hits, 0 errors, 0 left on base; Charleston 6 - West Michigan 1
BOTTOM OF THE 6TH
West Michigan Whitecaps batting - Pitching for Charleston RiverDogs : RHP Gabe Pomales
Batting: RHB Bill Cabrera 0-0: Ball
1-0: Fly out, F3 (Flyball, 34D, EV 90.6 MPH)
Batting: RHB Victor Reyes 0-0: Swinging Strike
0-1: Foul Ball, location: 2F
0-2: SINGLE (Line Drive, 78S, EV 106.3 MPH)
Batting: RHB Tommy McDonald 0-0: Called Strike
0-1: SINGLE (Flyball, 7LM, EV 89.4 MPH)
Victor Reyes to second
Batting: RHB Mike Patterson 0-0: Called Strike
0-1: Foul Ball, location: 2F
0-2: Ball
1-2: Grounds into double play, U4-3 (Groundball, 6MD, EV 103.1 MPH)
Bottom of the 6th over - 0 runs, 2 hits, 0 errors, 1 left on base; Charleston 6 - West Michigan 1
TOP OF THE 7TH
Charleston RiverDogs batting - Pitching for West Michigan Whitecaps : RHP Daisuke Tashima
Batting: SHB Reagan Dudley 0-0: Fly out, F7 (Flyball, 7, EV 96.9 MPH)
Batting: LHB Ryan Rodgers 0-0: Swinging Strike
0-1: Ball
1-1: Swinging Strike
1-2: Ball
2-2: Strikes out swinging
Batting: RHB Riley Nasiir 0-0: Ball
1-0: SINGLE (Line Drive, 89S, EV 87.5 MPH)
Batting: LHB Eddie Ramirez 0-0: Ball
1-0: Ball
Riley Nasiir steals 2nd base
2-0: SINGLE (Groundball, 3S, EV 63.1 MPH) (infield hit)
Riley Nasiir to third
Pitching: RHP David Esposito
Batting: RHB Miguel Leal 0-0: Called Strike
0-1: Called Strike
0-2: Foul Ball, location: 2F
0-2: Ball
1-2: Ball
2-2: Ball
3-2: Foul Ball, location: 2F
3-2: Strikes out swinging
Top of the 7th over - 0 runs, 2 hits, 0 errors, 2 left on base; Charleston 6 - West Michigan 1
BOTTOM OF THE 7TH
West Michigan Whitecaps batting - Pitching for Charleston RiverDogs : RHP Gabe Pomales
Pitching: RHP William Beran
Batting: RHB Jamie Bass 0-0: Ground out 4-3 (Groundball, 4, EV 80.0 MPH)
Batting: RHB Rocky Hart 0-0: Ball
1-0: Swinging Strike
1-1: Ball
2-1: Foul Ball, location: 7LSF, Error on foul ball, E7
2-2: Foul Ball, location: 2F
2-2: SINGLE (Groundball, 4MD, EV 95.0 MPH)
Batting: SHB Adam Weber 0-0: Ball
1-0: Foul Ball, location: 2F
1-1: Ball
2-1: Ball
3-1: Called Strike
3-2: TRIPLE (Flyball, 78XD, EV 93.1 MPH)
Rocky Hart scores
Batting: LHB Jeff Trapp 0-0: Fly out, F6 (Line Drive, 6, EV 74.4 MPH)
Batting: SHB Andy Vivas 0-0: Ball
1-0: Ball
2-0: Foul Ball, location: 2F
2-1: Swinging Strike
2-2: Strikes out looking
Bottom of the 7th over - 1 run, 2 hits, 1 error, 1 left on base; Charleston 6 - West Michigan 2
TOP OF THE 8TH
Charleston RiverDogs batting - Pitching for West Michigan Whitecaps : RHP David Esposito
Batting: RHB Nick Massengale 0-0: Called Strike
0-1: Foul Ball, location: 2F
0-2: Hit by Pitch
Batting: LHB Tatsuo Yasui 0-0: Called Strike
0-1: Bunt missed!
0-2: Grounds out, U3 (Groundball, 3L, EV 103.8 MPH)
Batting: RHB Brandon Lemay 0-0: Foul Ball, location: 2F
0-1: Ground out U3 (Groundball, 34, EV 97.5 MPH)
Nick Massengale to third
Batting: RHB James Boynton 0-0: Swinging Strike
0-1: Ball
1-1: Called Strike
1-2: Ball
2-2: Foul Ball, location: 2F
2-2: Fly out, F3 (Popup, 3, EV 73.8 MPH)
Top of the 8th over - 0 runs, 0 hits, 0 errors, 1 left on base; Charleston 6 - West Michigan 2
BOTTOM OF THE 8TH
West Michigan Whitecaps batting - Pitching for Charleston RiverDogs : RHP William Beran
Batting: RHB Bill Cabrera 0-0: Ball
1-0: Fly out, F3 (Popup, 3SF, EV 82.5 MPH)
Batting: RHB Victor Reyes 0-0: Fly out, F8 (Flyball, 89D, EV 100.0 MPH)
Batting: RHB Tommy McDonald 0-0: SINGLE (Line Drive, 4D, EV 95.6 MPH)
Batting: RHB Mike Patterson 0-0: Ball
1-0: Ball
2-0: Ball
3-0: Base on Balls
Tommy McDonald to second
Batting: RHB Jamie Bass 0-0: Called Strike
0-1: Foul Ball, location: 2F
0-2: Foul Ball, location: 2F
0-2: Ball
1-2: Ball
2-2: Foul Ball, location: 2F
2-2: DOUBLE (Line Drive, 7LS, EV 90.0 MPH)
Tommy McDonald scores
Mike Patterson to third
Runner from 3rd tries for Home, SAFE, no throw by LF
Batting: RHB Rocky Hart 0-0: Called Strike
0-1: Called Strike
0-2: Strikes out swinging
Bottom of the 8th over - 2 runs, 2 hits, 0 errors, 1 left on base; Charleston 6 - West Michigan 4
TOP OF THE 9TH
Charleston RiverDogs batting - Pitching for West Michigan Whitecaps : RHP David Esposito
Pitching: RHP Bobby Kosmicki
Batting: SHB Reagan Dudley 0-0: Called Strike
0-1: Foul Ball, location: 2F
0-2: Foul Ball, location: 2F
0-2: Ball
1-2: Strikes out swinging
Batting: LHB Ryan Rodgers 0-0: Called Strike
0-1: Foul Ball, location: 2F
0-2: SINGLE (Groundball, 3D, EV 103.1 MPH)
Batting: RHB Riley Nasiir 0-0: Hit by Pitch
Ryan Rodgers to second
Batting: LHB Eddie Ramirez 0-0: Called Strike
0-1: Ball
1-1: Ball
2-1: Foul Ball, location: 2F
2-2: Grounds into double play, 4-6-3 (Groundball, 4, EV 107.5 MPH)
Top of the 9th over - 0 runs, 1 hit, 0 errors, 1 left on base; Charleston 6 - West Michigan 4
BOTTOM OF THE 9TH
West Michigan Whitecaps batting - Pitching for Charleston RiverDogs : RHP William Beran
Pitching: RHP Bruce Cruz
Now in LF: Tony Saenz
Batting: SHB Adam Weber 0-0: Ball
1-0: Foul Ball, location: 2F
1-1: Swinging Strike
1-2: Ball
2-2: Strikes out looking
Batting: LHB Jeff Trapp 0-0: Ball
1-0: Swinging Strike
1-1: Ball
2-1: Foul Ball, location: 2F
2-2: Foul Ball, location: 2F
2-2: SINGLE (Groundball, 4MD, EV 108.8 MPH) (infield hit)
Batting: SHB Andy Vivas Pickoff Throw to First - Error! E1
Jeff Trapp to second
0-0: Foul Ball, location: 2F
0-1: Ball
1-1: Ball
2-1: Called Strike
2-2: Foul Ball, location: 2F
2-2: 2-RUN HOME RUN (Flyball, 78XD, EV 109.4 MPH), Distance : 408 ft
Batting: RHB Bill Cabrera 0-0: Foul Ball, location: 2F
0-1: Ball
1-1: Ball
2-1: Ball
3-1: Swinging Strike
3-2: DOUBLE (Line Drive, 7LM, EV 104.4 MPH)
Batting: RHB Victor Reyes 0-0: Ball
1-0: Ball
2-0: Ball
3-0: Base on Balls
Batting: RHB Tommy McDonald 0-0: Foul Ball, location: 2F
0-1: Called Strike
0-2: Ball
1-2: Ball
2-2: Foul Ball, location: 2F
2-2: Ball
3-2: Foul Ball, location: 2F
3-2: Fielders Choice at 2nd, 2-6 (Groundball, 2R, EV 61.3 MPH)
Bill Cabrera to third
Batting: RHB Mike Patterson 0-0: Ball
1-0: Ball
2-0: Ball
3-0: Called Strike
3-1: Swinging Strike
3-2: Strikes out looking
Bottom of the 9th over - 2 runs, 3 hits, 1 error, 2 left on base; Charleston 6 - West Michigan 6
TOP OF THE 10TH
Charleston RiverDogs batting - Pitching for West Michigan Whitecaps : RHP Bobby Kosmicki
Batting: RHB Miguel Leal 0-0: Ground out U3 (Groundball, 34S, EV 88.8 MPH)
Pinch Hitting: SHB Mike Goad 0-0: Ball
1-0: Ball
2-0: Swinging Strike
2-1: Foul Ball, location: 2F
2-2: Foul Ball, location: 2F
2-2: Foul Ball, location: 2F
2-2: Strikes out swinging
Batting: LHB Tatsuo Yasui 0-0: Called Strike
0-1: Hit by Pitch
Batting: RHB Tony Saenz 0-0: Ball
1-0: Ball
2-0: Swinging Strike
2-1: Swinging Strike
2-2: Strikes out looking
Top of the 10th over - 0 runs, 0 hits, 0 errors, 1 left on base; Charleston 6 - West Michigan 6
BOTTOM OF THE 10TH
West Michigan Whitecaps batting - Pitching for Charleston RiverDogs : RHP Bruce Cruz
Pitching: RHP Steve Fleming
Now in LF: Mike Goad
Now in RF: Tony Saenz
Batting: RHB Jamie Bass 0-0: Ball
1-0: Called Strike
1-1: Foul Ball, location: 2F
1-2: Strikes out swinging
Batting: RHB Rocky Hart 0-0: Ball
1-0: Called Strike
1-1: Swinging Strike
1-2: Ball
2-2: Foul Ball, location: 2F
2-2: Ball
3-2: Base on Balls
Batting: SHB Adam Weber 0-0: Foul Ball, location: 2F
0-1: Ball
Wild Pitch!
Rocky Hart to second
1-1: Intentional Walk
Batting: LHB Jeff Trapp 0-0: Called Strike
0-1: Swinging Strike
0-2: Ball
1-2: Strikes out looking
Batting: SHB Andy Vivas 0-0: Called Strike
0-1: Swinging Strike
0-2: Ball
1-2: Ball
2-2: Foul Ball, location: 2F
2-2: Ball
3-2: SINGLE (Groundball, 34D, EV 102.5 MPH) (infield hit)
Rocky Hart to third
Adam Weber to second
Batting: RHB Bill Cabrera 0-0: Swinging Strike
Balk!
Rocky Hart scores
Bottom of the 10th over - 1 run, 1 hit, 0 errors, 0 left on base; Charleston 6 - West Michigan 7
Game Over ... West Michigan defeats Charleston, 7 to 6
Thursday, March 31st , 2022 - OOTP Baseball 22.12 Build 89